 Dungeon Crawl Stone Soup version 0.31-a0-632-g766dd24fdf (webtiles) character file.

Game seed: 9834443136862435377

32333 Pooter the Marksminotaur (level 13, -8/178 HPs)
             Began as a Minotaur Berserker on Aug 25, 2023.
             Was an Elder of Trog.
             Killed from afar by a molten gargoyle (22 damage)
             ... with a bolt of magma
             ... in a volcano on Aug 26, 2023.
             The game lasted 01:05:11 (16511 turns).

Pooter the Marksminotaur (Minotaur Berserker)      Turns: 16511, Time: 01:05:11

Health: -8/178     AC: 22    Str: 26    XL:     13   Next: 30%
Magic:  12/12      EV:  9    Int:  4    God:    Trog [****..]
Gold:   662        SH:  5    Dex: 14    Spells: 12/12 levels left

rFire   + . .        a - +10 war axe of the Throat {freeze, rElec}
rCold   + . .        (no shield)
rNeg    . . .        H - +4 chain mail
rPois   .            J - +2 hat
rElec   +            c - +1 cloak "Zynull" {rF+}
rCorr   .            P - +1 pair of gloves {Dex+3}
SInv    +            n - +0 pair of boots
Will    ++...        s - amulet of reflection Stlth
                     S - ring of see invisible
HPRegen 1.49/turn    I - ring of protection from cold
MPRegen 0.13/turn

%: reflection
@: berserking, strong-willed, regenerating, studying Ranged Weapons, quick
A: horns 2, retaliatory headbutt
a: Renounce Religion, Berserk, Trog's Hand, Brothers in Arms


You were in a volcano.
You worshipped Trog.
Trog was greatly pleased with you.
You visited 2 branches of the dungeon, and saw 13 of its levels.
You also visited: Volcano.

You collected 662 gold pieces.

Inventory:

Hand Weapons
 a - the +10 war axe of the Throat (weapon) {freeze, rElec}
   (You found it on level 8 of the Dungeon)

   rElec:     It insulates you from electricity.
 b - a +3 heavy arbalest
   (You found it on level 2 of the Lair of Beasts)
 i - a +2 heavy orcbow
   (You took it off a centaur on level 5 of the Dungeon)
 u - a +3 vampiric trident
   (You took it off a wizard on level 10 of the Dungeon)
 A - a +0 dire flail
   (You took it off a two-headed ogre on level 8 of the Dungeon)
 L - a +3 morningstar of protection
   (You took it off a gargoyle in a volcano)
 M - the +7 war axe of Objectivity {heavy, rC++ Str-5 SInv Stlth+}
   (You found it on level 2 of the Lair of Beasts)

   Str-5:     It affects your strength (-5).
   rC++:      It greatly protects you from cold.
   SInv:      It lets you see invisible.
   Stlth+:    It makes you more stealthy.
Missiles
 q - 38 poisoned darts (quivered)
 x - 16 darts of dispersal {!f}
 y - 4 curare-tipped darts
 z - 3 throwing nets {!f}
 B - 6 boomerangs
 C - 8 javelins
 K - 2 atropa-tipped darts
 Q - 108 stones
Armour
 c - the +1 cloak "Zynull" (worn) {rF+}
   (You acquired it on level 4 of the Dungeon)

   rF+:       It protects you from fire.
 h - a +1 plate armour
   (You found it on level 2 of the Dungeon)
 n - a +0 pair of boots (worn)
   (You found it on level 4 of the Dungeon)
 H - a +4 chain mail (worn)
   (You found it on level 10 of the Dungeon)
 J - a +2 hat (worn)
   (You found it on level 1 of the Lair of Beasts)
 P - a +1 pair of gloves of dexterity (worn)
   (You found it in a volcano)
Jewellery
 s - an amulet of reflection (around neck)
   (You found it on level 9 of the Dungeon)
 I - a ring of protection from cold (right hand)
   (You took it off a gnoll on level 9 of the Dungeon)
 S - a ring of see invisible (left hand)
   (You found it on level 10 of the Dungeon)
Wands
 d - a wand of iceblast (9)
   (You took it off a gnoll on level 9 of the Dungeon)
 f - a wand of flame (10)
   (You took it off a kobold brigand on level 10 of the Dungeon)
 v - a wand of charming (16)
   (You found it on level 6 of the Dungeon)
 D - a wand of digging (10)
   (You found it on level 6 of the Dungeon)
Scrolls
 o - 2 scrolls of immolation {!r}
 p - a scroll of butterflies
 r - 3 scrolls of poison {!r}
 t - 3 scrolls of teleportation {@r4}
 N - a scroll of blinking
 O - a scroll of vulnerability {unknown}
Potions
 e - a potion of might {unknown}
 g - a potion of cancellation {unknown}
 j - 3 potions of attraction {!q}
 k - 3 potions of ambrosia
 l - 4 potions of heal wounds {@q2}
 m - a potion of resistance
 E - a potion of mutation {unknown}
 F - a potion of berserk rage {unknown}
 G - a potion of invisibility {unknown}
 R - a potion of haste {unknown}
Miscellaneous
 w - a sack of spiders
   (You found it on level 10 of the Dungeon)


   Skills:
 + Level 12.8 Fighting
 - Level 16.0 Axes
 * Level 16.9 Ranged Weapons
 + Level 6.7 Armour
 - Level 2.1 Dodging
 - Level 4.4 Stealth
 - Level 3.0 Evocations


You had 12 spell levels left.
You didn't know any spells.
Your spell library was empty.

Dungeon Overview and Level Annotations

Branches:
Dungeon (10/15) Zot: 23985  Temple (0/1) D:7            Lair (3/5) D:10 Zot: 14673
  Swamp (0/4) Lair:3       Spider (0/4) Lair:2      Volcano (1/1) Zot: 5486
    Orc: D:9-12

Altars:
Ashenzari
Makhleb
Nemelex Xobeh
Ru
Yredelemnul

Annotations:
D:3 1 runed translucent door, Crazy Yiuf
D:8 1 runed translucent door, Sirjeffry24's ghost, novice HOFi


Innate Abilities, Weirdness & Mutations

You have a pair of horns on your head.
You reflexively headbutt those who attack you in melee.


Message History

You feel strong-willed.
You are engulfed in blazing flames.
You resist.
The salamander mystic closely misses you.
You furiously retaliate!
You headbutt the salamander mystic! The red draconian breathes fire at you.
The searing blast hits the salamander mystic.
The salamander mystic completely resists.
The searing blast hits you! You resist.
* * * LOW HITPOINT WARNING * * *
You are engulfed in blazing flames.
You resist.
* * * LOW HITPOINT WARNING * * *
The salamander mystic hits you but does no damage.
Unknown command.
A red film seems to cover your vision as you go berserk!
You feel yourself moving faster!
You feel mighty!
You are engulfed in blazing flames.
You resist.
* * * LOW HITPOINT WARNING * * *
The salamander mystic gestures at you while chanting.
The lance of force hits you!
* * * LOW HITPOINT WARNING * * *
You are knocked back by the lance of force.
You slam into the translucent stone wall!
* * * LOW HITPOINT WARNING * * *
Splash!
Your unstable footing causes you to fumble your attack.
You are engulfed in blazing flames.
You resist.
The red draconian hits you with a +0 dire flail!
* * * LOW HITPOINT WARNING * * *
The salamander mystic gestures at you while chanting.
The bolt of magma hits you! You partially resist.
* * * LOW HITPOINT WARNING * * *
The molten gargoyle hits you with a +0 mace.
* * * LOW HITPOINT WARNING * * *
You are engulfed in flames.
You resist.
* * * LOW HITPOINT WARNING * * *
The salamander mystic hits you but does no damage.
Your unstable footing causes you to fumble your attack.
The molten gargoyle hits you with a +0 mace.
* * * LOW HITPOINT WARNING * * *
You are engulfed in flames.
You resist.
* * * LOW HITPOINT WARNING * * *
Unknown command.
Unknown command.
Unknown command.
Your unstable footing causes you to fumble your attack.
The salamander mystic hits you but does no damage.
Your unstable footing causes you to fumble your attack.
The molten gargoyle blasts magma at you!
The bolt of magma hits you!! You partially resist.
You die...

.#~~ .~~~~~ #~~~~§
~~~~~§ ### ~~~§ .8#
~~### ..# ##9~# ..#
#########~N@#
..####..~~~~~~~d~#
.8#..'.#~~~~~~~###≈#
###..'.))~~~~~~#*#≈#
#..#..#~~~§~§###§#
###..##..#~~~§#.§§§#
#?'..###)#~~~~#.§§§#
###..# ##.#~~#..####
###..# #..##...#.#


You could see a red draconian, a salamander mystic, a molten gargoyle and a
neutral orb of fire (wandering).

Vanquished Creatures
  Snorg (D:9)
  3 hydras
  A catoblepas (Lair:2)
  2 two-headed ogres
  Nergalle (D:10)
  Amaemon (Lair:1)
  A skeletal warrior (D:10)
  A lindwurm (Lair:2)
  A wizard (D:10)
  2 deep elf pyromancers (D:10)
  2 ugly things (D:10)
  A cyclops (D:9)
  3 salamanders (Volcano)
  An elephant (D:10)
  Joseph (D:7)
  A black mamba (Lair:1)
  2 molten gargoyles (Volcano)
  An orange demon (Lair:1)
  2 gargoyles (Volcano)
  7 cane toads
  Maggie (Lair:1)
  A rime drake (Lair:1)
  5 komodo dragons
  An efreet (Volcano)
  A meliai (D:10)
  A troll (D:10)
  9 blink frogs
  7 dream sheep (Lair:3)
  3 jumping spiders (Lair:2)
  3 culicivoras (Lair:2)
  Sigmund (D:5)
  20 yaks
  5 wyverns
  A steam dragon (D:8)
  An unseen horror simulacrum (D:10)
  3 basilisks
  A redback (Lair:2)
  5 swamp worms
  11 water moccasins
  3 ice beasts
  3 black bears
  An orc warrior (D:10)
  A sky beast (D:6)
  6 centaurs
  An ogre (D:6)
  A boggart (D:10)
  10 wolves (Lair:2)
  A phantom (D:6)
  Blork the orc (D:4)
  9 kobold brigands
  A scorpion (D:4)
  9 bullfrogs
  A gnoll sergeant (D:9)
  3 wights (D:10)
  14 killer bees
  5 howler monkeys
  A gnoll bouda (D:9)
  2 hounds
  7 orc priests
  A sleepcap (D:6)
  5 iguanas
  4 orc wizards
  7 gnolls (D:9)
  7 adders
  2 shadow imps
  2 white imps
  2 ufetubi
  A worm (D:1)
  3 dart slugs
  37 orcs
  7 endoplasms
  2 giant cockroaches (D:3)
  9 hobgoblins
  8 jackals
  A quokka (D:1)
  9 bats
  4 frilled lizards
  2 goblins
  34 kobolds
  3 rats
345 creatures vanquished.

Notes
Turn   | Place    | Note
-------+----------+-------------------------------------------
     0 | D:1      | Pooter the Minotaur Berserker began the quest for the Orb.
     0 | D:1      | Reached XP level 1. HP: 19/19 MP: 0/0
   162 | D:1      | Reached XP level 2. HP: 23/27 MP: 1/1
   345 | D:1      | Reached skill level 1 in Stealth
   574 | D:1      | Reached ** piety under Trog
   827 | D:1      | Reached XP level 3. HP: 28/33 MP: 2/2
  1804 | D:3      | Found a runed translucent door.
  1805 | D:3      | Noticed Crazy Yiuf
  2183 | D:3      | Reached XP level 4. HP: 40/40 MP: 3/3
  2873 | D:4      | Noticed an ice beast
  2876 | D:4      | Killed an ice beast
  2877 | D:4      | Reached skill level 5 in Axes
  2877 | D:4      | Reached XP level 5. HP: 47/47 MP: 4/4
  3043 | D:4      | Identified a scroll of acquirement
  3044 | D:4      | Acquired the +1 cloak "Zynull" {rF+}
  3081 | D:4      | Noticed Blork the orc
  3088 | D:4      | Killed Blork the orc
  3089 | D:4      | Reached XP level 6. HP: 55/55 MP: 5/5
  3202 | D:4      | Found a basalt altar of Yredelemnul.
  3248 | D:4      | Acquired a +1 war axe of freezing
  3458 | D:4      | Reached skill level 5 in Fighting
  3533 | D:4      | Found a broken altar of Ashenzari.
  3685 | D:5      | Entered Level 5 of the Dungeon
  3760 | D:5      | Reached *** piety under Trog
  3926 | D:5      | Noticed a water moccasin
  4137 | D:4      | Killed a water moccasin
  4138 | D:4      | Reached XP level 7. HP: 61/61 MP: 6/6
  4575 | D:4      | Found a sacrificial altar of Ru.
  4575 | D:4      | Found a burning altar of Makhleb.
  4597 | D:5      | Noticed Sigmund
  4609 | D:5      | Killed Sigmund
  4844 | D:5      | Found a sparkling altar of Nemelex Xobeh.
  4906 | D:6      | Reached XP level 8. HP: 70/70 MP: 7/7
  5590 | D:6      | Reached skill level 5 in Ranged Weapons
  5772 | D:6      | Reached XP level 9. HP: 79/79 MP: 8/8
  6289 | D:7      | Reached skill level 10 in Axes
  6413 | D:7      | Noticed Joseph
  6437 | D:7      | Killed Joseph
  6496 | D:7      | Found a staircase to the Ecumenical Temple.
  6946 | D:8      | Identified the +10 war axe of the Throat {freeze, rElec}
  7534 | D:8      | Found a runed translucent door.
  7659 | D:8      | Reached XP level 10. HP: 90/90 MP: 9/9
  7762 | D:8      | Noticed a two-headed ogre
  7771 | D:8      | Killed a two-headed ogre
  8067 | D:8      | Noticed Sirjeffry24's ghost (novice HOFi)
  8068 | D:8      | Noticed a seven-headed hydra
  8496 | D:9      | Reached **** piety under Trog
  8710 | D:9      | Noticed a cyclops
  8720 | D:9      | Killed a cyclops
  8723 | D:9      | Noticed a two-headed ogre
  8744 | D:9      | Killed a two-headed ogre
  9043 | D:9      | Reached skill level 10 in Ranged Weapons
  9821 | D:10     | Entered Level 10 of the Dungeon
  9821 | D:10     | Noticed Snorg
  9834 | D:9      | Killed Snorg
  9835 | D:9      | Reached XP level 11. HP: 58/99 MP: 10/10
 10169 | D:10     | Noticed Nergalle
 10496 | D:10     | Killed Nergalle
 10497 | D:10     | Reached skill level 10 in Fighting
 10812 | D:10     | Found a runed translucent door.
 10817 | D:10     | Noticed an eight-headed hydra
 10817 | D:10     | Noticed a green ugly thing
 10849 | D:10     | Killed a green ugly thing
 10851 | D:10     | Noticed a green ugly thing
 10857 | D:10     | Killed a green ugly thing
 11313 | D:10     | Killed an 11-headed hydra
 11581 | D:10     | Noticed a wizard
 11591 | D:10     | Killed a wizard
 11612 | D:10     | Found a staircase to the Lair.
 11889 | D:10     | Noticed a deep elf pyromancer
 11893 | D:10     | Killed a deep elf pyromancer
 11944 | D:10     | Noticed a skeletal warrior
 11953 | D:10     | Killed a skeletal warrior
 12180 | D:10     | Identified the +7 dagger of Analysis {flame, rPois Will++
                  | SInv}
 12180 | D:10     | Noticed a deep elf pyromancer
 12195 | D:10     | Killed a deep elf pyromancer
 12770 | Lair:1   | Entered Level 1 of the Lair of Beasts
 12849 | Lair:1   | Noticed Maggie
 12864 | Lair:1   | Reached skill level 15 in Axes
 12866 | Lair:1   | Killed Maggie
 12902 | Lair:1   | Noticed Amaemon
 12919 | Lair:1   | Killed Amaemon
 12920 | Lair:1   | Reached skill level 1 in Evocations
 12920 | Lair:1   | Reached XP level 12. HP: 110/110 MP: 11/11
 14068 | Lair:2   | Noticed a catoblepas
 14307 | Lair:2   | Killed a catoblepas
 14466 | Lair:2   | Found a hole to the Spider Nest.
 14958 | Lair:2   | Reached skill level 15 in Ranged Weapons
 14958 | Lair:2   | Reached skill level 5 in Armour
 15129 | Lair:2   | Identified the +7 war axe of Objectivity {heavy, rC++ Str-5
                  | SInv Stlth+}
 15517 | Lair:3   | Reached XP level 13. HP: 116/118 MP: 12/12
 15923 | Lair:3   | Found a staircase to the Swamp.
 16011 | Lair:3   | Found a dark tunnel.
 16016 | Volcano  | Entered a volcano
 16450 | Volcano  | Noticed an orb of fire
 16497 | Volcano  | Noticed a red draconian
 16511 | Volcano  | Killed from afar by a molten gargoyle

Illustrated notes

Levels and vault maps discovered:
D:1:      saegor_arrival_simple_c, layout_basic
D:2:      layout_rooms, chequers_decorated_corner, serial_bayou_lagoon_a
D:3:      layout_loops_corners, minmay_hedge_maze, uniq_crazy_yiuf_cottage
D:4:      layout_loops_corners, nicolae_overflow_hidden_temple,
          kennysheep_boxes, uniq_blork_the_orc
D:5:      layout_rooms, nemelex_diamond_rough_becter, uniq_sigmund
D:6:      layout_basic, minmay_misc_feat_ornament, minmay_unpleasant_kobolds
D:7:      layout_basic, minmay_temple_entry_waves, uniq_joseph
D:8:      layout_rooms, ebering_ghost_inner_flame, small_statue_alley_b
D:9:      layout_basic, grunt_ministairs_11, moated_statue, roderic_lattice_a,
          worms_lemuel
D:10:     minmay_the_grid_triangle_9x9_rhombus_thin_mashed
          [minmay_the_grid_triangle_9x9_zippers_vertical,
          minmay_the_grid_triangle_9x9_prize_schism,
          minmay_the_grid_triangle_9x9_subtriangle,
          minmay_the_grid_triangle_9x9_shrine], layout_cave_pods,
          david_lair_generic, kennysheep_another_room, blue_anna_alchemist,
          uniq_nergalle, uniq_snorg
Lair:1:   layout_roguey, serial_bayou_crossing, uniq_amaemon, uniq_maggie
Lair:2:   layout_cave_pods, nicolae_spider_entry_tight_spaces,
          gauntlet_entry_generic, st_stairs_12
Lair:3:   onia_ninara_swampy_vault, layout_misc_corridors,
          palyth_hydra_swamp_entry, enter_volcano_4, fungi_pond_lemuel,
          chequers_serial_rivers_small_3, chequers_serial_rivers_room_a,
          lemuel_fruit_fields
Volcano:  hellmonk_zot_springs

Skill      XL: |  1  2  3  4  5  6  7  8  9 10 11 12 13 |
---------------+----------------------------------------+-----
Axes           | 4 5 6 8 9 11 13 15 16 | 16.0
Stealth        | 1 2 3 4 |  4.4
Fighting       | 4 5 6 7 8 9 11 12 | 12.8
Ranged Weapons | 3 5 8 10 12 15 16 | 16.9
Evocations     | 1 3 |  3.0
Armour         | 5 6 |  6.7
Dodging        | |  2.1

Action                     |  1- 3 |  4- 6 |  7- 9 | 10-12 | 13-15 || total
---------------------------+-------+-------+-------+-------+-------++-------
  Melee: Hand axe          |   104 |    26 |       |       |       ||   130
         Headbutt          |    10 |     9 |    23 |    49 |     6 ||    97
         Punch             |       |     1 |     1 |     3 |     1 ||     6
         War axe           |       |    27 |   180 |   246 |    30 ||   483
         Trident           |       |    21 |       |    33 |       ||    54
   Fire: Orcbow            |       |       |    29 |   166 |       ||   195
         Arbalest          |       |       |       |    36 |    42 ||    78
  Throw: Stone             |       |     5 |     2 |       |       ||     7
         Dart              |       |       |     1 |     3 |       ||     4
 Invoke: Berserk           |     1 |     4 |     9 |    10 |     2 ||    26
         Trog's Hand       |       |     1 |     7 |    11 |     1 ||    20
  Evoke: Wand              |       |       |       |     1 |       ||     1
    Use: Scroll            |     2 |     3 |     7 |    12 |       ||    24
   Stab: Sleeping          |     3 |       |       |       |       ||     3
 Armour: Animal skin       |    16 |       |       |       |       ||    16
         Plate armour      |    27 |    39 |   138 |    73 |       ||   277
         Chain mail        |       |       |       |    85 |    44 ||   129
  Dodge: Dodged            |    44 |    26 |    74 |   113 |    26 ||   283
  Block: Other             |       |       |       |    57 |    21 ||    78
         Reflection        |       |       |       |     3 |     1 ||     4

Table legend: (Time is in decaauts)
 A = Elapsed time spent in this place.
 B = Non-inter-level travel time spent in this place.
 C = Inter-level travel time spent in this place.
 D = Time resting spent in this place.
 E = Time spent auto-exploring this place.
 F = Levels seen in this place.
 G = Mean time per level.
                   A        B        C        D        E       F      G
               +--------+--------+--------+--------+--------+-----+--------+
         Total |  16914 |  16619 |    295 |   5233 |   8714 |  14 | 1208.1 |
       Dungeon |  13074 |  12858 |    216 |   4138 |   6814 |  10 | 1307.4 |
          Lair |   3326 |   3247 |     79 |    747 |   1891 |   3 | 1108.7 |
       Volcano |    512 |    512 |      0 |    347 |      8 |   1 |  512.0 |
               +--------+--------+--------+--------+--------+-----+--------+

Top non-repeatable levels by time:
     D:9: 2590 daAuts
    D:10: 2209 daAuts
  Lair:1: 1542 daAuts
     D:4: 1475 daAuts
  Lair:2: 1244 daAuts
     D:8: 1156 daAuts
     D:6: 1120 daAuts
     D:3: 1068 daAuts
     D:7: 1034 daAuts
     D:1: 1026 daAuts
     D:5: 787 daAuts
     D:2: 605 daAuts
  Lair:3: 540 daAuts
 Volcano: 512 daAuts
